Workbook

Sheet Balance Sheet
A2: HANDICAPPED CHILDREN'S PARENT ASSOCIATION
A4: BALANCE SHEET AS ON 31ST MARCH, 2023
A7: PARTICULARS | B7: SCHEDULE | C7: CURRENT YEAR | D7: PREVIOUS YEAR
B8: NO. | C8: AMOUNT | D8: AMOUNT
A10: CAPITAL & LIABILITIES
A12: TRUST FUND | B12: 1 | C12: ='Schedules no. 1-10,12-20'!C19 -> 3737871.9 | D12: 3486350.8
A14: ACCUMULATED FUND | B14: 2 | C14: ='Schedules no. 1-10,12-20'!C35 -> 0 | D14: 725000
A16: SPASTICS HOME PROJECT FUND u/s 35AC | B16: 3 | C16: ='Schedules no. 1-10,12-20'!C47 -> 0 | D16: 0
A18: BUILDING FUND RESERVE | B18: 4 | C18: ='Schedules no. 1-10,12-20'!C71 -> 14924192 | D18: 14924192
A20: FURNITURE FUND RESERVE | B20: 5 | C20: ='Schedules no. 1-10,12-20'!C81 -> 396324 | D20: 396324
A22: MEDICAL EQUIPMENT FUND RESERVE | B22: 6 | C22: ='Schedules no. 1-10,12-20'!C91 -> 410097 | D22: 410097
A24: OFFICE EQUIPMENT FUND RESERVE | B24: 7 | C24: ='Schedules no. 1-10,12-20'!C101 -> 324459 | D24: 324459
A26: VEHICLE(VAN/MINI BUS) FUND RESERVE | B26: 8 | C26: ='Schedules no. 1-10,12-20'!C112 -> 2129253 | D26: 1404253
A28: LIFT RESERVE FUND | B28: 9 | C28: ='Schedules no. 1-10,12-20'!C120 -> 1115150 | D28: 1115150
A30: CURRENT LIABILITIES | B30: 10 | C30: ='Schedules no. 1-10,12-20'!C151 -> 807712.6 | D30: 844451.56
A33: TOTAL - Rs. | C33: =SUM(C12:C32) -> 23845060 | D33: 23630278
A36: PROPERTY & ASSETS
A38: FIXED ASSETS | B38: 11 | C38: ='Schedule no. 11'!J71 -> 12077194 | D38: 11924910
A40: INVESTMENTS | B40: 12 | C40: ='Schedules no. 1-10,12-20'!C168 -> 8056438 | D40: 9448223
A42: CURRENT ASSETS, LOANS & ADVANCES
A43: CASH & BANK BALANCES | B43: 13 | C43: ='Schedules no. 1-10,12-20'!C181 -> 3366091.4 | D43: 1778041.1
A45: LOANS AND ADVANCES | B45: 14 | C45: ='Schedules no. 1-10,12-20'!C191 -> 345336.46 | D45: 479103.54
A47: TOTAL - Rs. | C47: =SUM(C38:C46) -> 23845060 | D47: 23630278
A49: SIGNIFICANT ACCOUNTING POLICES | B49: 20
C52: =C33-C47 -> 0
A56: PRESIDENT | B56: SECRETARY | D56: TREASURER
A58: Auditors' Report to the Trustees
A59: As per our separate report of even date
A63: S.K. VOHRA & CO.
A64: CHARTERED ACCOUNTANTS
A65: Place : New Delhi
A66: Dated: 27.09.2023

Sheet Income & Exp.
A2: HANDICAPPED CHILDREN'S PARENT ASSOCIATION
A4: INCOME & EXPENDITURE ACCOUNT FOR THE YEAR ENDED 31ST MARCH, 2023
A7: Particulars | B7: SCHEDULE | C7: CURRENT YEAR | D7: PREVIOUS YEAR
B8: NO. | C8: AMOUNT | D8: AMOUNT
A10: INCOME
A12: Licence Fees and other Income | B12: 15 | C12: ='Schedules no. 1-10,12-20'!C199 -> 1103177.2 | D12: 1104608.9
A13: Interest Received | B13: 16 | C13: ='Schedules no. 1-10,12-20'!C205 -> 434832 | D13: 439643
A14: Voluntary Donation | C14: 2952272 | D14: 1268915
A15: Respite Care | C15: 1704105 | D15: 1278883
C16: =SUM(C12:C15) -> 6194386.2 | D16: 4092049.9
A17: EXPENDITURE
A19: Establishment Charges | B19: 17 | C19: ='Schedules no. 1-10,12-20'!C223 -> 2762157 | D19: 1372340
A20: Printing &Stationery | C20: 28205 | D20: 8832
A21: Lease Rent | C21: 50000 | D21: 50000
A22: Operating Expenses | B22: 18 | C22: ='Schedules no. 1-10,12-20'!C249 -> 2165964 | D22: 1169147.4
A23: Other Expenses | B23: 19 | C23: ='Schedules no. 1-10,12-20'!C262 -> 107447.92 | D23: 99854.99
A24: Depreciation | B24: 11 | C24: ='Schedule no. 11'!H71 -> 829091.23 | D24: 775695.51
C26: =SUM(C19:C24) -> 5942865.2 | D26: 3475870
A28: Excess of Income Over Expenditure | C28: =C16-C26 -> 251521.01 | D28: 616179.95
A35: Amount accumulated/set apart to the extend it does not | D35: 0
A36: exceed 85% of the Income in accordance with section
A37: 11(2) of the Income Tax Act, 1961
A39: Amount Transferred To Trust Fund Account | C39: =C28 -> 251521.01 | D39: 616179.95
A41: SIGNIFICANT ACCOUNTING POLICIES | B41: 20
A47: PRESIDENT | B47: SECRETARY | D47: TREASURER
A49: Auditors' Report to the Trusteees
A50: As per our separate report of even date
A55: S.K. VOHRA & CO.
A56: CHARTERED ACCOUNTANTS
A57: Place ; New Delhi
A58: =+'Balance Sheet'!A66 -> Dated: 27.09.2023

Sheet Schedules no. 1-10,12-20
A2: HANDICAPPED CHILDREN'S PARENTS ASSOCIATION
A4: SCHEDULES TO THE BALANCE SHEET AS ON 31ST MARCH, 2023
A8: Particulars | C8: Current Year | D8: Previous Year
C9: Amount (Rs.) | D9: Amount (Rs.)
A11: SCHEDULE NO. 1
A13: TRUST FUND
A14: As per last Balance Sheet | C14: =+D19 -> 3486350.8 | D14: 2870170.9
A17: Add: Amount transferred From | C17: =+'Income & Exp.'!C28 -> 251521.01 | D17: ='Income & Exp.'!D39 -> 616179.95
A18: Income & Expenditure Account
A19: TOTAL RS. | C19: =SUM(C14:C18) -> 3737871.9 | D19: =SUM(D14:D18) -> 3486350.8
A21: SCHEDULE NO. 2
A23: ACCUMULATED FUND
A24: Accumulated Fund u/s 11(2) of the Income Tax
A25: Act, 1961
A26: - As per last Balance Sheet | C26: 725000 | D26: 725000
A28: Add:
A29: - Amount transferred to Accumulated Fund u/s 11(2) | C29: 0 | D29: 0
A30: of Income tax Act
A31: 31st March 2021 (To be Utilised by F.Y 2025-26)
A32: Less:
A33: - Amount Utilised | C33: 725000 | D33: 0
A35: TOTAL RS. | C35: =C26-C33 -> 0 | D35: =SUM(D26:D34) -> 725000
A37: SCHEDULE NO. 3
A39: SPASTICS HOME PROJECT FUND | C39: 0 | D39: 0
A40: As per last Balance Sheet
A42: Less:
A43: - Amount utilised for Buildings | C43: 0 | D43: 0
A47: TOTAL RS. | C47: =C39-C43 -> 0 | D47: =SUM(D38:D46) -> 0
A53: HANDICAPPED CHILDREN'S PARENTS ASSOCIATION
A55: SCHEDULES TO THE BALANCE SHEET AS ON 31ST MARCH, 2023
A58: Particulars | C58: Current Year | D58: Previous Year
C59: Amount (Rs.) | D59: Amount (Rs.)
A61: SCHEDULE NO. 4
A63: BUILDING FUND RESERVE
A64: As per last Balance Sheet | C64: 14924192 | D64: 14924192
A66: Add: | C66: 0 | D66: 0
A67: - Amount transferred from Accumulated Fund
A68: u/s 11(2) & 11(1) &Spastic Home Project
A69: Fund
A71: TOTAL RS. | C71: =SUM(C64:C69) -> 14924192 | D71: =SUM(D64:D69) -> 14924192
A72: SCHEDULE NO. 5
A74: FURNITURE FUND RESERVE
A75: As per last Balance Sheet | C75: 396324 | D75: 396324
A77: Add: | C77: 0 | D77: 0
A78: - Amount transferred from Accumulated Fund
A79: u/s 11(2) & 11(1) &Spastic Home Project
A80: Fund
A81: TOTAL RS. | C81: =SUM(C74:C80) -> 396324 | D81: =SUM(D74:D80) -> 396324
A82: SCHEDULE NO. 6
A84: MEDICAL EQUIPMENT FUND RESERVE
A85: As per last Balance Sheet | C85: 410097 | D85: 410097
A87: Add: | C87: 0 | D87: 0
A88: - Amount transferred from Accumulated Fund
A89: u/s 11(2) & 11(1) &Spastic Home Project
A90: Fund u/s
A91: TOTAL RS. | C91: =SUM(C85:C90) -> 410097 | D91: =SUM(D85:D90) -> 410097
A92: SCHEDULE NO. 7
A94: OFFICE EQUIPMENT FUND RESERVE
A95: As per last Balance Sheet | C95: 324459 | D95: 324459
A97: Add:
A98: - Amount Transfer From Income & Expenditure
A99: Account | C99: 0 | D99: 0
A101: TOTAL RS. | C101: =SUM(C95) -> 324459 | D101: =SUM(D95:D100) -> 324459
A102: SCHEDULE NO. 8
A104: VEHICLE (VAN/MINI BUS) FUND RESERVE
A105: Amount transferred from Spastic Home | C105: 1404253 | D105: 1404253
A106: Project Fund and Accumulated
A107: Fund u/s 11(2)
A108: Add:
A109: - Van purchased during the year | C109: 725000 | D109: 0
A112: TOTAL RS. | C112: =+C105-C111+C109 -> 2129253 | D112: =+D105-D111+D109 -> 1404253
A114: SCHEDULE NO.9
A116: LIFT FUND RESERVE
A117: Amount transferred from Spastic Home Project
A118: Fund and Accumulated Fund u/s 11(2) | C118: 1115150 | D118: 1115150
C120: =C118 -> 1115150 | D120: =+D118 -> 1115150
A128: HANDICAPPED CHILDREN'S PARENTS ASSOCIATION
A130: SCHEDULES TO THE BALANCE SHEET AS ON 31ST MARCH, 2023
A133: Particulars | C133: Current Year | D133: Previous Year
C134: Amount (Rs.) | D134: Amount (Rs.)
A136: SCHEDULE NO. 10
A138: CURRENT LIABILITIES
A139: Sundry Creditors | C139: 19800 | D139: 92846.56
A140: - As per detail
A142: Expenses payable
A143: - Audit Fee Payable | C143: 17700 | D143: 0
A144: - Amit Khandelwal | D144: 2163
A145: - Electricity Expenses Payable | C145: 110
A146: - Security Deposit From TATA | C146: 69000 | D146: 69000
A147: - Security Deposit From Reliance | C147: 48000 | D147: 48000
A148: - Security Received From Parents | C148: 412000 | D148: 482000
A149: - Salary Payable | C149: 238100 | D149: 147756
A150: - TDS Payable | C150: 3002.6 | D150: 2686
A151: TOTAL RS. | C151: =SUM(C139:C150) -> 807712.6 | D151: =SUM(D139:D150) -> 844451.56
A154: HANDICAPPED CHILDREN'S PARENTS ASSOCIATION
A156: SCHEDULES TO THE BALANCE SHEET AS ON 31ST MARCH, 2023
A158: Particulars | C158: Current Year | D158: Previous Year
C159: Amount (Rs.) | D159: Amount (Rs.)
A161: SCHEDULE NO. 12
A163: INVESTMENTS
...

Sheet Schedule no. 11
A1: HANDICAPPED CHILDREN'S PARENTS ASSOCIATION
A3: SCHEDULE NO.11
A5: S.NO. | B5: PARTICULARS | C5: NET BLOCK | G5: Depreciation | J5: NET BLOCK
C6: AS AT | D6: ADDITION /DELETION | F6: AS AT | H6: FOR THE | I6: Deductions | J6: AS AT | K6: AS AT
C7: 01.04.2022 | D7: FIRST HALF | E7: SECOND HALF | F7: 31.03.2023 | H7: YEAR | J7: 31.03.2023 | K7: 31.03.2022
A9: 1 | B9: LAND AT DWARKA | C9: 1108337 | D9: 0 | E9: 0 | F9: =SUM(C9:E9) -> 1108337 | G9: 0 | H9: 0 | I9: 0 | J9: =F9-H9 -> 1108337 | K9: 1108337
C10: 0 | F10: =SUM(C10:E10) -> 0 | K10: 0
A11: 2 | B11: BULIDING | C11: 8692790.8 | D11: 0 | E11: 0 | F11: =SUM(C11:E11) -> 8692790.8 | G11: 0.05 | H11: =SUM(F11*G11) -> 434639.54 | I11: 0 | J11: =F11-H11 -> 8258151.2 | K11: 8692790.8
C12: 0 | F12: =SUM(C12:E12) -> 0 | J12: =F12-H12 -> 0 | K12: 0
A13: 3 | B13: LIFT | C13: 387914.88 | D13: 0 | E13: 0 | F13: =SUM(C13:E13) -> 387914.88 | G13: 0.15 | H13: =SUM(F13*G13) -> 58187.232 | I13: 0 | J13: =F13-H13 -> 329727.65 | K13: 387914.88
C14: 0 | F14: =SUM(C14:E14) -> 0 | J14: =F14-H14 -> 0 | K14: 0
A15: 4 | B15: FURNITURE & FIXTURES | C15: 202994.69 | D15: 0 | E15: 18000 | F15: =SUM(C15:E15) -> 220994.69 | G15: 0.1 | H15: =SUM(C15*10%)+SUM(E15*5%) -> 21199.469 | I15: 0 | J15: =F15-H15 -> 199795.22 | K15: 202994.69
F16: =SUM(C16:E16) -> 0 | J16: =F16-H16 -> 0
A17: 5 | B17: COMPUTER | C17: 568.6 | D17: 0 | E17: 0 | F17: =SUM(C17:E17) -> 568.6 | G17: 0.4 | H17: =SUM(F17*G17) -> 227.44 | I17: 0 | J17: =F17-H17 -> 341.16 | K17: 568.6
C18: 0 | F18: =SUM(C18:E18) -> 0 | J18: =F18-H18 -> 0 | K18: 0
A19: 6 | B19: OFFICE EQUIPMENT | C19: 14841.54 | D19: 0 | E19: 0 | F19: =SUM(C19:E19) -> 14841.54 | G19: 0.15 | H19: =SUM(F19*G19) -> 2226.231 | I19: 0 | J19: =F19-H19 -> 12615.309 | K19: 14841.54
C20: 0 | F20: =SUM(C20:E20) -> 0 | J20: =F20-H20 -> 0 | K20: 0
A21: 7 | B21: MEDICAL EQUIPMENT | C21: =116500.72-8800 -> 107700.72 | D21: 74300 | E21: 0 | F21: =SUM(C21:E21) -> 182000.72 | G21: 0.15 | H21: =SUM(F21*G21) -> 27300.108 | I21: 0 | J21: =F21-H21 -> 154700.61 | K21: 116500.72
C22: 0 | F22: =SUM(C22:E22) -> 0 | J22: =F22-H22 -> 0 | K22: 0
A23: 8 | B23: GENERATOR | C23: 5151.14 | D23: 0 | E23: 0 | F23: =SUM(C23:E23) -> 5151.14 | G23: 0.15 | H23: =SUM(F23*G23) -> 772.671 | I23: 0 | J23: =F23-H23 -> 4378.469 | K23: 5151.14
C24: 0 | F24: =SUM(C24:E24) -> 0 | J24: =F24-H24 -> 0 | K24: 0
A25: 9 | B25: TRANSFORMER | C25: 10052.92 | D25: 0 | E25: 0 | F25: =SUM(C25:E25) -> 10052.92 | G25: 0.15 | H25: =SUM(F25*G25) -> 1507.938 | I25: 0 | J25: =F25-H25 -> 8544.982 | K25: 10052.92
C26: 0 | F26: =SUM(C26:E26) -> 0 | J26: =F26-H26 -> 0 | K26: 0
A27: 10 | B27: VEHICLE -VAN | C27: 425667.32 | D27: 0 | F27: =SUM(C27:E27) -> 425667.32 | G27: 0.15 | H27: =SUM(F27*G27) -> 63850.098 | I27: 0 | J27: =F27-H27 -> 361817.22 | K27: 425667.32
F28: =SUM(C28:E28) -> 0
A29: 11 | B29: MARUTI CELELRIO LXI | C29: 515225 | D29: 0 | E29: 0 | F29: =SUM(C29:E29) -> 515225 | G29: 0.15 | H29: =SUM(F29*G29) -> 77283.75 | J29: =F29-H29 -> 437941.25 | K29: 515225
C30: 0 | F30: =SUM(C30:E30) -> 0 | J30: =F30-H30 -> 0 | K30: 0
A31: 12 | B31: LCD | C31: 34864.16 | D31: 0 | E31: 0 | F31: =SUM(C31:E31) -> 34864.16 | G31: 0.15 | H31: =SUM(F31*G31) -> 5229.624 | I31: 0 | J31: =F31-H31 -> 29634.536 | K31: 34864.16
C32: 0 | F32: =SUM(C32:E32) -> 0 | J32: =F32-H32 -> 0 | K32: 0
A33: 13 | B33: EPABX | C33: 417.06 | D33: 0 | E33: 0 | F33: =SUM(C33:E33) -> 417.06 | G33: 0.15 | H33: =SUM(F33*G33) -> 62.559 | I33: 0 | J33: =F33-H33 -> 354.501 | K33: 417.06
C34: 0 | F34: =SUM(C34:E34) -> 0 | J34: =F34-H34 -> 0 | K34: 0
A35: 14 | B35: INTERCOM | C35: 1015.6 | D35: 0 | E35: 0 | F35: =SUM(C35:E35) -> 1015.6 | G35: 0.15 | H35: =SUM(F35*G35) -> 152.34 | I35: 0 | J35: =F35-H35 -> 863.26 | K35: 1015.6
C36: 0 | F36: =SUM(C36:E36) -> 0 | J36: =F36-H36 -> 0 | K36: 0
A37: 15 | B37: INVERTER | C37: 16674.73 | D37: 15000 | F37: =SUM(C37:E37) -> 31674.73 | G37: 0.15 | H37: =SUM(F37*G37) -> 4751.2095 | I37: 0 | J37: =F37-H37 -> 26923.52 | K37: 16674.73
C38: 0 | F38: =SUM(C38:E38) -> 0 | J38: =F38-H38 -> 0 | K38: 0
A39: 16 | B39: PRINTER | C39: 9936.47 | D39: 0 | E39: 0 | F39: =SUM(C39:E39) -> 9936.47 | G39: 0.15 | H39: =SUM(F39*G39) -> 1490.4705 | I39: 0 | J39: =F39-H39 -> 8445.9995 | K39: 9936.47
C40: 0 | F40: =SUM(C40:E40) -> 0 | J40: =F40-H40 -> 0 | K40: 0
A41: 17 | B41: MOBILE | C41: =-1069.28+8800-0.94 -> 7729.78 | D41: 0 | E41: 0 | F41: =SUM(C41:E41) -> 7729.78 | G41: 0.15 | H41: =SUM(F41*G41)+0.03 -> 1159.497 | I41: 0 | J41: =F41-H41+0.03+0.95 -> 6571.263 | K41: 7729.78
C42: 0 | F42: =SUM(C42:E42) -> 0 | J42: =F42-H42 -> 0 | K42: 0
A43: 18 | B43: WATER MOTOR | C43: 2153.89 | D43: 0 | E43: 0 | F43: =SUM(C43:E43) -> 2153.89 | G43: 0.15 | H43: =SUM(F43*G43) -> 323.0835 | I43: 0 | J43: =F43-H43 -> 1830.8065 | K43: 2153.89
C44: 0 | F44: =SUM(C44:E44) -> 0 | J44: =F44-H44 -> 0 | K44: 0
A45: 19 | B45: CCTV CAMERA | C45: 112277.24 | D45: 28550 | E45: 14000 | F45: =SUM(C45:E45) -> 154827.24 | G45: 0.15 | H45: =SUM(C45+D45)*15%+SUM(E45*7.5%) -> 22174.086 | I45: 0 | J45: =F45-H45 -> 132653.15 | K45: 112277.24
C46: 0 | F46: =SUM(C46:E46) -> 0 | J46: =F46-H46 -> 0 | K46: 0
A47: 20 | B47: CYCLE | C47: 5224.6 | D47: 5500 | E47: 0 | F47: =SUM(C47:E47) -> 10724.6 | G47: 0.15 | H47: =SUM(F47*G47) -> 1608.69 | I47: 0 | J47: =F47-H47 -> 9115.91 | K47: 5224.6
C48: 0 | F48: =SUM(C48:E48) -> 0 | J48: =F48-H48 -> 0 | K48: 0
A49: 21 | B49: TELEPHONE SET | C49: 38372.76 | D49: 0 | E49: 0 | F49: =SUM(C49:E49) -> 38372.76 | G49: 0.15 | H49: =SUM(F49*G49) -> 5755.914 | I49: 0 | J49: =F49-H49 -> 32616.846 | K49: 38372.76
C50: 0 | F50: =SUM(C50:E50) -> 0 | J50: =F50-H50 -> 0 | K50: 0
A51: 22 | B51: FIRE EXTINGUSHINER | C51: 56760.5 | D51: 0 | E51: 0 | F51: =SUM(C51:E51) -> 56760.5 | G51: 0.15 | H51: =SUM(F51*G51) -> 8514.075 | I51: 0 | J51: =F51-H51-0.01 -> 48246.415 | K51: 56760.5
C52: 0 | F52: =SUM(C52:E52) -> 0 | J52: =F52-H52 -> 0 | K52: 0
A53: 23 | B53: WATER HEATER | C53: 9850.26 | D53: 0 | E53: 0 | F53: =SUM(C53:E53) -> 9850.26 | G53: 0.15 | H53: =SUM(F53*G53) -> 1477.539 | I53: 0 | J53: =F53-H53 -> 8372.721 | K53: 9850.26
C54: 0 | F54: =SUM(C54:E54) -> 0 | J54: =F54-H54 -> 0 | K54: 0
A55: 24 | B55: AIR PURIFIER | C55: 13364.92 | D55: 0 | E55: 0 | F55: =SUM(C55:E55) -> 13364.92 | G55: 0.15 | H55: =SUM(F55*G55) -> 2004.738 | I55: 0 | J55: =F55-H55 -> 11360.182 | K55: 13364.92
C56: 0 | F56: =SUM(C56:E56) -> 0 | J56: =F56-H56 -> 0 | K56: 0
A57: 25 | B57: FAN | C57: 26694.5 | D57: 0 | E57: 0 | F57: =SUM(C57:E57) -> 26694.5 | G57: 0.15 | H57: =SUM(F57*G57) -> 4004.175 | I57: 0 | J57: =F57-H57-0.01 -> 22690.315 | K57: 26694.5
C58: 0 | F58: =SUM(C58:E58) -> 0 | J58: =F58-H58 -> 0 | K58: 0
A59: 26 | B59: ROOM HEATER | C59: 15839.01 | D59: 0 | E59: 31500 | F59: =SUM(C59:E59) -> 47339.01 | G59: 0.15 | H59: =SUM(C59+D59)*15%+SUM(E59*7.5%) -> 4738.3515 | I59: 0 | J59: =F59-H59 -> 42600.659 | K59: 15839.01
F60: =SUM(C60:E60) -> 0 | J60: =F60-H60 -> 0
A61: 27 | B61: WASHING MACHINE | C61: 8570.7 | D61: 0 | E61: 0 | F61: =SUM(C61:E61) -> 8570.7 | G61: 0.15 | H61: =SUM(F61*G61) -> 1285.605 | I61: 0 | J61: =F61-H61-0.01 -> 7285.085 | K61: 8570.7
F62: =SUM(C62:E62) -> 0
A63: 28 | B63: GYESAR | D63: 0 | E63: 8000 | F63: =SUM(C63:E63) -> 8000 | G63: 0.15 | H63: =SUM(F63*G63)/2 -> 600 | J63: =F63-H63 -> 7400
F64: =SUM(C64:E64) -> 0
A65: 29 | B65: ATTENDANCE MACHINE | D65: 0 | E65: 10025 | F65: =SUM(C65:E65) -> 10025 | G65: 0.15 | H65: =SUM(F65*G65)/2 -> 751.875 | J65: =F65-H65-0.01 -> 9273.115
F66: =SUM(C66:E66) -> 0
A67: 30 | B67: WATER COOLER | C67: 93919.5 | D67: 46500 | F67: =SUM(C67:E67) -> 140419.5 | G67: 0.15 | H67: =SUM(F67*G67) -> 21062.925 | J67: =F67-H67-0.01 -> 119356.57 | K67: 93919.5
F68: =SUM(C68:E68) -> 0
A69: 31 | B69: MARUTI EECO | D69: 0 | E69: 730000 | F69: =SUM(C69:E69) -> 730000 | G69: 0.15 | H69: =SUM(F69*G69)/2 -> 54750 | J69: =F69-H69 -> 675250
F70: =SUM(C70:E70) -> 0
B71: TOTAL AS AT | C71: =SUM(C8:C70) -> 11924910 | D71: =SUM(D8:D70) -> 169850 | E71: =SUM(E8:E70) -> 811525 | F71: =SUM(F9:F69) -> 12906285 | H71: =SUM(H8:H70) -> 829091.23 | I71: =SUM(I9:I65) -> 0 | J71: =SUM(J9:J70)-0.93 -> 12077194 | K71: =SUM(K9:K69) -> 11933710
A73: Note: | B73: Depreciation provided as per income tax rate on WDV. | J73: 0
J75: 0

Sheet Acc. Policies S-20
A3: HANDICAPPED CHILDREN'S PARENTS ASSOCIATION
B5: SIGNIFICANT ACCOUNTING POLICIES
A9: A | B9: METHOD OF ACCOUNTING
A11: 1 | B11: The Financial Statement have been Prepared in accordance with generally accepted accounting principles.
A13: 2 | B13: The Institution treat general Donation as Income.
A15: 3 | B15: The Fund have been invested in accordance with the provisions of the Act.
A17: 4 | B17: The accounts are prepared on the accrual concept of accounting under the historical cash convention i.e
B18: bills received till 31.03.2023 provided in accounts.
A20: 5 | B20: Fixed Assets have been states at cost of acquisition less depreciation.
A22: 6 | B22: Investments in securities are stated at cost of acquisition.
A24: 7 | B24: Retirement and other benefits to employees will be charged to accounts as and when paid. No doubt, staff
B25: salary has been provided on accrual basis.
A27: 8 | B27: Provision of all expenses made as far as possible on the basis of information available till the date of
B28: finalisation of accounts.
A30: B | B30: Previous year figures has been regrouped and/or re-arranged wherever necessary for the purpose of
B31: comparison.
B37: PRESIDENT SECRETARY TREASURER
A41: Place : | B41: New Delhi
A42: Dated : | B42: 27.09.2023

Sheet RECEIPT AND PAYMENT 
A2: HANDICAPPED CHILDREN PARENTS ASSOCIATION
A4: RECEIPTS & PAYMENTS ACCOUNT FOR THE YEAR ENDED 31ST MARCH, 2021
A7: RECEIPTS | C7: AMOUNT
A9: To Opening Balance as on 01.04.2020
A10: Cash Balance | H10: =SUM(G11:G14) -> 2654687.7
A11: - Cash in Hand (Main) | B11: 34535 | G11: 2201222.5
A12: - Petty Cash Arun | B12: 19125 | C12: =B11+B12 -> 53660 | G12: 381865
G13: 48596
A14: Bank Balance | G14: 23004.23
A15: In Savings A/c
A16: -State Bank India | B16: 1044619
A17: - UBI (A/c No. 6416) | B17: -30756.76 | G17: =3485108+48000+542520+37100+24000+216000+560+24000+10000+24000+144000-64610-3000-8000-5400 -> 4474278
A18: - UBI (A/c No. 6424) | B18: 132356.95 | G18: =381625+80161 -> 461786
C19: =B18+B17+B16 -> 1146219.2 | G19: 14150
A20: Total | D20: =SUM(C12:C19) -> 1199879.2 | G20: =57499+10454+57499+10454+57499+10454+57499+10454 -> 271812
G21: 658087.2
A22: Receipt During The Year : | G22: =263900+78488+96000+36000-3000-5000 -> 466388
G23: 0
A24: To Respite Care | B24: 701400 | H24: =SUM(G17:G23) -> 6346501.2
A26: To Interest Received
A27: - On FDR's | B27: 501955
A29: To Physiotherapy Consultancy | B29: 31800
A31: To Receipts For
A32: - From Tata | B32: 790489.2
A34: To Sweep Account | B34: 0
A36: To License Fees
A37: - From Reliance | B37: 316245
A39: To Voluntary Donation
A40: - From various parties u/s 80G | B40: =1039139+61500 -> 1100639
C42: =SUM(B24:B41) -> 3442528.2
A43: TOTAL Rs. | D43: =SUM(C42) -> 3442528.2
D44: =SUM(D9:D43) -> 4642407.4
A54: HANDICAPPED CHILDREN PARENTS ASSOCIATION
A56: RECEIPTS & PAYMENTS ACCOUNT FOR THE YEAR ENDED 31ST MARCH, 2021
A59: PAYMENTS | C59: AMOUNT
A61: Payement During The Year :
A63: PROFESSIONAL CHARGES
A64: ACCOUNTING CHARGES | B64: 46129
A65: ADVERTISEMENT | B65: 11265
A66: AUDIT FEE PAYABLE | B66: 17700
A67: ANNUAL DAY EXPENSES | B67: 49500
A68: BANK CHARGES | B68: 1158.9
A69: COMPUTER REPAIR & MAINTENANCE | B69: 2458
A70: CABLE EXPENSES | B70: 3044
A71: CNG OR PETROL EXPENSES | B71: 5267
A72: CONVEYANCE | B72: 2090
A73: ELECTRICITY EXPENSES | B73: 27680
A74: FESTIVAL EXPENSES | B74: 25583
A75: FAN | B75: 17380
... A103: DOLLY GULATI | B103: 8391
C104: =SUM(B63:B103) -> 3214076.3
A117: HANDICAPPED CHILDREN PARENTS ASSOCIATION
A119: RECEIPTS & PAYMENTS ACCOUNT FOR THE YEAR ENDED 31ST MARCH, 2020
A122: PAYMENTS | C122: AMOUNT
A124: By Closing Balance as on 31.03.2021
A125: Cash Balance
A126: - Cash in Hand (Main) | B126: ='Schedules no. 1-10,12-20'!C172 -> 134981
A127: - Petty Cash Farida | B127: ='Schedules no. 1-10,12-20'!C175 -> 27548
C128: =SUM(B126:B127) -> 162529
A129: Bank Balance In Savings A/c
A130: - UBI (A/c No. 6416) | B130: ='Schedules no. 1-10,12-20'!C177 -> 180710.96
A131: - UBI (A/c No. 6424) | B131: ='Schedules no. 1-10,12-20'!C178 -> 145277.47
A132: - SBI | B132: ='Schedules no. 1-10,12-20'!C179 -> 1806680
C133: =SUM(B130:B132) -> 2132668.4 | D133: =+C128+C133 -> 2295197.4
A135: TOTAL Rs. | D135: =SUM(C123:C133)+C104 -> 5509273.8
A143: PRESIDENT | B143: SECRETARY | D143: TREASURER
A147: S.K. VOHRA & CO.
A148: CHARTERED ACCOUNTANTS
A149: New Delhi
A150: =+'Balance Sheet'!A66 -> Dated: 27.09.2023

Sheet Sheet8
A3: HANDICAPPED CHILDREN PARENTS ASSOCIATION
A5: AMOUNT OF TDS CARRIED FORWARD FOR NEXT YEAR :-
A7: ASSESSMENT YEAR | B7: AMOUNT OF TDS
A9: 2013-14
A10: 2014-15
A11: 2015-16
A12: TOTAL (Rs.)
A16: year | B16: Net Amount | C16: depericiation rate | D16: depericiation | E16: wdv | K16: =82500*0.15 -> 12375
A17: 2010-2011 | B17: 82500 | C17: 0.15 | D17: =B17*C17 -> 12375 | E17: =B17-D17 -> 70125
A18: 2011-2012 | B18: 70125 | C18: 0.15 | D18: =
A19: 2012-2013 | C19: 0.15
A20: 2013-2014 | C20: 0.15 | K20: =82500/0.85 -> 97058.824
C21: 0.15 | K21: =K20/0.85 -> 114186.85
D22: sold at | K22: =K21/0.85 -> 134337.47
D23: net loss | E23: 106218.05 | K23: =K22/0.85 -> 158044.08
K24: =K23/0.85 -> 185934.22
